 Dungeon Crawl Stone Soup version 0.16.2-12-gd0ad4c3 (webtiles) character file.

91 Ripplez the Ducker (level 4, -5/24 HPs)
             Began as a Tengu Air Elementalist on Sept 14, 2015.
             Slain by dvd's ghost (21 damage)
             ... on level 3 of the Dungeon on Sept 15, 2015.
             The game lasted 00:19:18 (2459 turns).

Ripplez the Ducker (Tengu Air Elementalist)         Turns: 2459, Time: 00:19:18

Health: -5/24      AC:  2    Str:  8    XL:     4   Next: 57%
Magic:  1/8        EV: 15    Int: 16    God:
Gold:   94         SH:  0    Dex: 15    Spells: 1 memorised, 6 levels left

rFire  . . .     SeeInvis .     e - +0 short sword
rCold  . . .     Clarity  .     a - +0 robe
rNeg   . . .     SustAb   .     (no shield)
rPois  .         Gourm    .     (helmet restricted)
rElec  .         Spirit   .     (no cloak)
rCorr  .         Warding  .     (no gloves)
rMut   .         Stasis   .     (boots unavailable)
MR     .....                    (no amulet)
Stlth  ++........               (no ring)
                                (no ring)

@: very slightly contaminated, not resistant to hostile enchantments, unstealthy
A: beak, talons 3
a: no special abilities


You were on level 3 of the Dungeon.
You were not hungry.

You visited 1 branch of the dungeon, and saw 3 of its levels.

You collected 94 gold pieces.

Inventory:

Hand weapons
 e - a +0 short sword (weapon)
 f - a +0 mace
Missiles
 n - 2 stones (quivered)
Armour
 a - a +0 robe (worn)
Scrolls
 d - 3 scrolls of magic mapping {unknown}
 i - 2 scrolls of identify {unknown}
 l - a scroll of teleportation {unknown}
 m - 2 scrolls of amnesia {unknown}
 o - a scroll of remove curse {unknown}
 s - a scroll of enchant weapon {unknown}
Potions
 h - a potion of brilliance {unknown}
 p - a potion of degeneration {unknown}
 q - a potion of heal wounds {unknown}
 r - a potion of curing {unknown}
Books
 b - a book of Air

   Spells                             Type                      Level
   a - Shock                          Conjuration/Air              1
   b - Swiftness                      Charms/Air                   2
   c - Repel Missiles                 Charms/Air                   2
   d - Flight                         Charms/Air                   3
   e - Static Discharge               Conjuration/Air              3
   f - Lightning Bolt                 Conjuration/Air              5
Comestibles
 c - 2 bread rations
 g - a slice of pizza
 j - a meat ration
 k - a royal jelly
 t - a chunk of flesh


   Skills:
 - Level 5.0 Dodging
 - Level 2.0 Stealth
 - Level 2.0 Spellcasting
 - Level 1.3 Conjurations
 + Level 4.1 Air Magic


You had 6 spell levels left.
You knew the following spells:

 Your Spells              Type           Power        Failure   Level  Hunger
a - Shock                 Conj/Air       ##..         10%         1    #......


Dungeon Overview and Level Annotations

Branches:
Dungeon (3/15)

Altars:
Makhleb

Annotations:
D:3 dvd's ghost, legendary MiBe


Innate Abilities, Weirdness & Mutations

You have a beak for a mouth.
You have claws for feet.


Message History

The zap hits the orc.
The orc is almost dead.
The zap misses the orc. x2
The orc hits you with a short sword.
Dvd's ghost (legendary Minotaur Berserker) comes into view.
It is wielding a weapon of flaming.
Dvd's ghost turns its malevolent gaze towards you.
Casting: Shock
Confirm with . or Enter, or press ? or * to list all spells.
Aiming: Shock
Press: ? - help, Shift-Dir - straight line, f/p - orc
Aim: an orc, wielding a short sword and wearing a leather armour (almost dead)
The zap misses the orc.
The zap hits the orc.
The orc appears unharmed.
The zap hits the orc.
You kill the orc!
The orc hits you with a hand axe. The orc misses you.
Unknown command.
The orc hits you. Dvd's ghost hits you!!
Ouch! That really hurt!
You die...

##### .....## ###
.......###.##
........#...##
........))...## .#
......#.......#######.###
..... ##..)....o.........
.... #......oW@...#.##..
... #.>.......##....#...
# ##...#..#<####...(..
..#..##.............
##.#...###....#.......
#.##........)........ #.
#..#..###...##.### ##....
#...# ..... #.#.#


You could see dvd's ghost and 2 orcs.

Vanquished Creatures
  3 adders (D:2)
  A worm (D:2)
  4 giant geckos
  4 orcs (D:3)
  4 giant cockroaches
  6 goblins
  5 hobgoblins
  3 jackals (D:1)
  2 quokkas (D:2)
  2 ball pythons
  4 bats
  4 giant newts (D:1)
  11 kobolds
  3 rats
56 creatures vanquished.

Notes
Turn   | Place    | Note
--------------------------------------------------------------
     0 | D:1      | Ripplez, the Tengu Air Elementalist, began the quest for the Orb.
     0 | D:1      | Reached XP level 1. HP: 10/10 MP: 3/3
   135 | D:1      | Reached XP level 2. HP: 4/15 MP: 1/5
   773 | D:1      | Reached XP level 3. HP: 10/19 MP: 2/7
  1646 | D:2      | Reached XP level 4. HP: 12/24 MP: 2/8
  1796 | D:2      | Found a burning altar of Makhleb.
  2413 | D:3      | Reached skill level 5 in Dodging
  2451 | D:3      | Noticed dvd's ghost (legendary MiBe)
  2459 | D:3      | Slain by dvd's ghost

Action                   |  1- 3 |  4- 6 || total
-------------------------+-------+-------++-------
Melee: Unarmed           |     8 |       ||     8
       Short sword       |    70 |    32 ||   102
 Cast: Shock             |    50 |    24 ||    74
 Stab: Sleeping          |     1 |       ||     1
  Eat: Chunk             |     3 |     3 ||     6
